 Dungeon Crawl Stone Soup version 0.30-a0-242-g7bf8e6d787 (webtiles) character file.

Game seed: 14504652573213447062

885 purpskrrrp the Destroyer (level 7, -7/36 HPs)
             Began as a Deep Elf Conjurer on Oct 11, 2022.
             Was a High Priest of Ignis.
             Mangled by Duvessa
             ... wielding a +2 short sword of protection
              (12 damage)
             ... on level 5 of the Dungeon.
             The game lasted 00:13:48 (5265 turns).

purpskrrrp the Destroyer (Deep Elf Conjurer)        Turns: 5265, Time: 00:13:49

Health: -7/36      AC:  6    Str:  4    XL:     7   Next: 76%
Magic:  18/18      EV: 27    Int: 25    God:    Ignis [*****.]
Gold:   88         SH:  0    Dex: 13    Spells: 16/19 levels left

rFire   + . .      SeeInvis .    o - staff of poison
rCold   . . .      Faith    .    (no shield)
rNeg    + . .      Spirit   .    p - +0 robe {rN+}
rPois   +          Reflect  .    (no helmet)
rElec   .          Harm     .    m - +0 cloak
rCorr   .          Rampage  .    d - +2 pair of gloves
Will    .....                    (no boots)
Stlth   ++........               j - amulet of the acrobat
HPRegen 0.26/turn                n - ring of poison resistance
MPRegen 0.16/turn                (no ring)

@: acrobatic
A: no striking features
a: Renounce Religion, Fiery Armour, Foxfire Swarm, Rising Flame


You were on level 5 of the Dungeon.
You worshipped Ignis.
Ignis was extremely pleased with you.
You visited 1 branch of the dungeon, and saw 5 of its levels.

You collected 176 gold pieces.
You spent 88 gold pieces at shops.

Inventory:

Hand Weapons
 u - a +3 whip
Armour
 a - a +0 robe
 d - a +2 pair of gloves (worn)
 f - a +0 pair of gloves
 m - a +0 cloak (worn)
 p - a +0 robe of positive energy (worn)
Magical Staves
 o - a staff of poison (weapon)
Jewellery
 j - an amulet of the acrobat (around neck)
 n - a ring of poison resistance (left hand)
Wands
 h - a wand of light (11)
 v - a wand of flame (11)
Scrolls
 w - 2 scrolls of identify
Potions
 b - a potion of magic
 c - a potion of might
 e - a potion of lignification
 g - a potion of degeneration
 i - a potion of invisibility {unknown}
 k - 3 potions of resistance {unknown}
 l - 3 potions of flight
 q - 2 potions of brilliance {unknown}
 r - a potion of heal wounds {unknown}
 s - 2 potions of curing {unknown}


   Skills:
 - Level 2.4 Dodging
 - Level 2.4 Stealth
 + Level 6.6 Spellcasting
 * Level 8.4 Conjurations
 + Level 3.9 Poison Magic


You had 16 spell levels left.
You knew the following spells:

 Your Spells              Type           Power      Damage    Failure   Level
a - Magic Dart            Conj           100%       1d8       1%          1
b - Searing Ray           Conj           100%       2d8       1%          2

Your spell library contained the following spells:

 Spells                   Type           Power      Damage    Failure   Level
 Dazzling Flash           Conj/Hex       58%        N/A       3%          3
 Cigotuvi's Dreadful Rot  Necr/Pois/Air  44%        N/A       6%          2
 Fulminant Prism          Conj/Hex       14%        3d9       12%         4
 Iskenderun's Mystic Bla  Conj/Tloc      29%        2d7       12%         4
 Dispel Undead            Necr           8%         3d8       56%         4
 Death Channel            Necr           4%         N/A       100%        6


Dungeon Overview and Level Annotations

Branches:
Dungeon (5/15)
 Temple: D:4-7

Altars:
Ignis

Shops:
D:4 [

Annotations:
D:5 Duvessa, Menkaure


Message History

Duvessa hits you with a +2 short sword of protection!
The searing ray misses Duvessa.
Duvessa completely misses you. Duvessa barely misses you.
The searing ray hits Duvessa but does no damage.
Duvessa is lightly wounded.
Duvessa barely misses you.
Duvessa hits you with a +2 short sword of protection.
Duvessa attacks as you move away!
Duvessa hits you with a +2 short sword of protection!
Okay, then.
As you read the scroll of teleportation, it crumbles to dust.
You feel strangely unstable.
Duvessa hits you with a +2 short sword of protection.
* * * LOW HITPOINT WARNING * * *
Menkaure shouts, "Why can't you leave me to my rest?"
Duvessa closely misses you.
You see here a wyvern corpse.
Duvessa attacks as you move away! Duvessa closely misses you.
Your surroundings suddenly seem different.
You hear a shout!
You hear a shout!
You hear a shout!
You hear a shout! x2
There is a stone staircase leading up here.
You start resting.
You hear a shout! x23
Magic restored.
You start resting.
You hear a shout! x4
HP restored.
You hear a shout!
Menkaure gestures wildly while chanting.
Menkaure seems to speed up.
Duvessa attacks as you move away!
Duvessa hits you with a +2 short sword of protection! x2
Menkaure attacks as you move away! Menkaure hits you!
* * * LOW HITPOINT WARNING * * *
Duvessa attacks as you move away! Duvessa misses you.
Duvessa hits you with a +2 short sword of protection!
You die...

#....# #
#.##.#############
#.##............##
#.########.###..## #.#
##........
#.#######...##....
######.##........######
#.....รท<.........######
#.####@##.###.#........
#.# #..eM...........###
#<# #.#.#.##..##.##.###
#.# #.#.#.##..##.>.....
#.###.#.#.##..##.......
#.............##.......
#####.#................
#.#.#.##>###.......
####.#.#.##.# #.......


You could see Duvessa (berserk) and Menkaure (fast).

Vanquished Creatures
  A wyvern (D:5)
  A sky beast (D:4)
  2 phantoms (D:4)
  2 scorpions
  Dowan (D:5)
  2 hounds
  An orc priest (D:3)
  An orc wizard (D:3)
  Robin (D:4)
  3 gnolls (D:4)
  A river rat (D:3)
  7 adders
  An ufetubus (D:5)
  A dart slug (D:2)
  14 orcs
  4 ball pythons
  6 bats
  8 endoplasms
  4 giant cockroaches
  13 goblins
  5 hobgoblins
  7 jackals
  A quokka (D:1)
  3 frilled lizards
  5 kobolds
  8 rats
103 creatures vanquished.

Vanquished Creatures (others)
  19 foxfires (D:4)
19 creatures vanquished.

Grand Total: 122 creatures vanquished

Notes
Turn   | Place    | Note
-------+----------+-------------------------------------------
     0 | D:1      | purpskrrrp the Deep Elf Conjurer began the quest for the
                  | Orb.
     0 | D:1      | Reached XP level 1. HP: 10/10 MP: 6/6
   350 | D:1      | Reached XP level 2. HP: 15/15 MP: 5/8
   874 | D:2      | Reached skill level 5 in Conjurations
  1233 | D:2      | Reached XP level 3. HP: 19/19 MP: 6/10
  1344 | D:2      | Learned a level 2 spell: Searing Ray
  2129 | D:3      | Reached XP level 4. HP: 14/24 MP: 6/12
  2242 | D:3      | Reached skill level 6 in Conjurations
  2413 | D:3      | Reached XP level 5. HP: 17/28 MP: 8/13
  2438 | D:3      | Found a faded altar of an unknown god.
  2967 | D:3      | Reached skill level 1 in Poison Magic
  3229 | D:3      | Prayed at the altar of an unknown god.
  3229 | D:3      | Became a worshipper of Ignis, the Dying Flame
  3241 | D:4      | Noticed a phantom
  3248 | D:4      | Killed a phantom
  3249 | D:4      | Reached skill level 5 in Spellcasting
  3249 | D:4      | Reached XP level 6. HP: 32/32 MP: 6/15
  3493 | D:4      | Found Edetiah's Antique Armour Shoppe.
  3506 | D:4      | Bought an embroidered robe for 88 gold pieces
  3819 | D:4      | Reached skill level 7 in Conjurations
  4062 | D:4      | Noticed Robin
  4071 | D:4      | Killed Robin
  4645 | D:5      | Entered Level 5 of the Dungeon
  4685 | D:5      | Reached XP level 7. HP: 27/36 MP: 3/17
  5093 | D:5      | Noticed a wyvern
  5101 | D:5      | Killed a wyvern
  5102 | D:5      | Reached skill level 8 in Conjurations
  5134 | D:5      | Noticed Dowan
  5135 | D:5      | Noticed Duvessa
  5140 | D:5      | Killed Dowan
  5145 | D:5      | Noticed Menkaure
  5265 | D:5      | Mangled by Duvessa

Illustrated notes

Levels and vault maps discovered:
D:1:      nzn_arrival_depleted_hourglass, layout_basic, st_stairs_13
D:2:      layout_loops_corners, bh_walls_and_bars
D:3:      layout_loops_corners, portal_sewer_entry_b, basic_ecumenical_altar
D:4:      layout_layer_cave, serial_shops, nicolae_shop_waterfront, uniq_robin
D:5:      layout_loops_ring, mainiacjoe_overflow_big_doors, minivault_14,
          uniq_menkaure, uniq_duvessa

Skill      XL: |  1  2  3  4  5  6  7 |
---------------+----------------------+-----
Conjurations   | 5 6 7 8 |  8.4
Spellcasting   | 4 5 6 |  6.6
Poison Magic   | 1 2 3 |  3.9
Dodging        | |  2.4
Stealth        | |  2.4

Action                   |  1- 3 |  4- 6 |  7- 9 || total
-------------------------+-------+-------+-------++-------
Melee: Staff             |       |       |    14 ||    14
       Punch             |       |       |     1 ||     1
 Cast: Magic Dart        |    55 |   110 |    23 ||   188
       Searing Ray       |     2 |     5 |     5 ||    12
Invok: Foxfire Swarm     |       |     1 |       ||     1
  Use: Scroll            |     4 |     4 |     1 ||     9
Armor: Robe              |     1 |    11 |    16 ||    28
Dodge: Dodged            |       |    22 |    35 ||    57

Table legend: (Time is in decaauts)
 A = Elapsed time spent in this place.
 B = Non-inter-level travel time spent in this place.
 C = Inter-level travel time spent in this place.
 D = Time resting spent in this place.
 E = Time spent auto-exploring this place.
 F = Levels seen in this place.
 G = Mean time per level.
                   A        B        C        D        E       F      G
               +--------+--------+--------+--------+--------+-----+--------+
         Total |   5268 |   5067 |    201 |    593 |   3567 |   5 | 1053.6 |
       Dungeon |   5268 |   5067 |    201 |    593 |   3567 |   5 | 1053.6 |
               +--------+--------+--------+--------+--------+-----+--------+

Top non-repeatable levels by time:
     D:4: 1659 daAuts
     D:2: 1238 daAuts
     D:3: 1179 daAuts
     D:1: 820 daAuts
     D:5: 371 daAuts
